Map: Sanctuary III LE

Players

RipNHammer - Winner!

  • Race: Terran Terran
  • League: Master
  • Spawn Location: 1:00

Din

  • Race: Protoss Protoss
  • League: Master
  • Spawn Location: 7:00

VOD

Have the link to the VOD?

Description

Time

  • Played on: Sept. 7, 2026, 2:55 p.m.
  • Length: 17:49
Show
View Real Time Build Order
Export as new Build Order

RipNHammer Terran - Winner!

Build Orders: Reaper Expand 

Get SALT Encoding   

  8  0:00  SCV  
  9  0:12  SCV  
  10  0:24  SCV  
  11  0:36  SCV  
  11  0:39  Supply Depot  
  12  0:49  SCV  
  13  0:58  Refinery  
  13  1:01  SCV  
  14  1:05  Barracks  
  14  1:13  SCV  
  15  1:25  SCV  
  16  1:37  SCV  
  17  1:52  Orbital Command, Reaper  
  18  2:05  Engineering Bay  
  18  2:22  Command Center  
  18  2:26  SCV  
  19  2:37  Barracks Reactor  
  19  2:38  SCV  
  19  2:40  Supply Depot  
  20  2:50  SCV  
  21  3:01  Bunker  
  21  3:02  SCV  
  22  3:06  Barracks  
  22  3:15  SCV, Marine x2  
  25  3:23  Barracks  
  26  3:27  SCV  
  26  3:33  Orbital Command  
  26  3:37  Marine x2  
  26  3:39  SCV  
  29  3:51  SCV  
  29  3:54  Marine  
  29  3:55  Marine  
  31  3:56  Barracks Tech Lab  
  31  3:57  Supply Depot  
  31  4:00  SCV  
  32  4:04  SCV  
  32  4:06  Supply Depot  
  33  4:12  SCV, Marine x2  
  33  4:16  SCV, Stimpack  
  37  4:18  Marine  
  39  4:24  Supply Depot, SCV  
  39  4:26  Barracks Tech Lab  
  39  4:28  SCV  
  39  4:30  Marine  
  41  4:31  Marine  
  41  4:36  SCV  
  43  4:40  SCV, Engineering Bay  
  46  4:53  Marine x2  
  46  4:55  Marauder  
  46  4:56  Combat Shield, Marauder  
  46  4:57  SCV  
  51  5:04  SCV  
  52  5:09  SCV  
  52  5:11  Marine  
  54  5:16  Terran Infantry Weapons Level 1  
  54  5:17  Marauder x2, SCV  
  59  5:27  Marine  
  58  5:29  Marine  
  57  5:38  Marine  
  58  5:45  Marine  
  58  5:46  Marauder  
  58  5:47  Marine, SCV  
  63  5:56  Marauder, Concussive Shells  
  65  5:59  Supply Depot  
  65  6:03  Marine  
  66  6:10  Marine, SCV  
  66  6:11  SCV  
  69  6:17  Marine  
  69  6:18  Marauder  
  72  6:21  Marine  
  68  6:29  Marine  
  68  6:30  SCV  
  67  6:34  Refinery x2  
  67  6:36  Marauder  
  67  6:39  Refinery, Marine, Marauder  
  72  6:47  Marine  
  73  6:57  Marine x2  
  73  7:01  Marauder  
  77  7:02  Factory  
  77  7:03  SCV  
  77  7:05  Marine  
  79  7:09  Engineering Bay  
  79  7:12  SCV  
  79  7:13  Supply Depot  
  79  7:15  Marauder  
  82  7:20  Marine  
  82  7:21  Command Center, Marine  
  84  7:23  Marine  
  84  7:25  SCV x2, Barracks  
  87  7:36  Marauder  
  89  7:38  Marine  
  89  7:40  SCV x2  
  89  7:41  Marine  
  89  7:42  Marauder  
  95  7:48  Supply Depot  
  95  7:50  Supply Depot  
  95  7:51  Starport, Factory Reactor  
  95  7:52  SCV  
  95  7:56  Marine  
  95  7:57  SCV  
  98  8:09  Armory, SCV x2  
  98  8:11  Supply Depot  
  98  8:12  Marine, Supply Depot, Marauder  
  103  8:14  Barracks Reactor  
  103  8:21  SCV  
  103  8:24  SCV, Marine  
  103  8:25  Marauder  
  108  8:29  Starport  
  108  8:33  Marine  
  108  8:34  Marauder  
  111  8:35  Medivac  
  111  8:37  Medivac  
  115  8:41  Orbital Command  
  115  8:45  SCV x2, Marine  
  115  8:46  Marine  
  119  8:53  Supply Depot  
  119  8:57  SCV  
  119  8:59  Factory Reactor  
  119  9:02  Supply Depot  
  120  9:07  Viking  
  120  9:08  Viking x2  
  116  9:20  Supply Depot x2  
  116  9:21  Supply Depot  
  116  9:25  Supply Depot  
  113  9:39  Viking  
  98  9:53  Viking x2  
  98  9:56  Marine x2  
  103  10:00  Orbital Command  
  103  10:13  Viking  
  104  10:18  Supply Depot  
  104  10:22  Supply Depot  
  104  10:24  Viking  
  106  10:44  Marine x2, Marauder x2  
  106  10:46  Viking  
  114  10:59  Medivac, Viking, SCV  
  119  11:22  Liberator  
  119  11:24  Liberator  
  125  11:27  Supply Depot  
  97  12:06  Marine x2  
  97  12:07  Marauder  
  85  12:18  Orbital Command  
  85  12:21  SCV x2  
  85  12:26  Marine  
  86  12:31  Medivac  
  86  12:33  SCV  
  80  12:46  SCV  
  81  12:51  Medivac  
  83  12:59  SCV x2  
  83  13:00  SCV  
  86  13:06  Widow Mine, Medivac  
  86  13:07  Marine x2  
  86  13:08  Marauder  
  86  13:11  SCV  
  95  13:13  Refinery  
  95  13:25  Marine, Marauder  
  99  13:29  Marine  
  99  13:30  Marauder  
  99  13:32  Barracks Reactor  
  101  13:34  Orbital Command  
  101  13:35  Engineering Bay  
  101  13:36  SCV  
  101  13:39  Liberator x2  
  108  13:43  Marine  
  108  13:47  Marauder, Marine  
  112  13:51  SCV x2, Marauder  
  112  13:55  Refinery  
  116  14:01  Marine  
  117  14:03  SCV  
  117  14:05  Terran Infantry Armor Level 1, Marine  
  119  14:11  Supply Depot  
  119  14:14  SCV x2, Marauder  
  119  14:15  Marine, SCV  
  119  14:16  Marauder  
  127  14:21  Refinery  
  127  14:26  Supply Depot, Refinery  
  127  14:32  SCV x2  
  123  14:48  Marine x3, Marauder  
  123  14:49  Marauder  
  113  14:58  Marine  
  107  15:06  Marine x2  
  106  15:10  Marauder x2  
  106  15:11  Marine  
  111  15:16  Marine  
  111  15:18  SCV x2  
  114  15:23  Barracks, Marine  
  114  15:24  Marine  
  116  15:28  Marine  
  116  15:31  Marauder x2  
  113  15:38  Marine  
  113  15:41  Marine  
  115  15:46  Marine  
  115  15:47  Marine  
  117  15:53  Marauder x2  
  114  16:00  Marine  
  113  16:05  Engineering Bay  
  113  16:06  Armory  
  113  16:14  Marauder  
  115  16:19  Marine x3  
  115  16:20  Marauder  
  115  16:21  Barracks Tech Lab  
  115  16:22  Factory Reactor  
  115  16:23  SCV x2  
  122  16:26  SCV  
  122  16:27  Command Center  
  122  16:30  Marine  
  122  16:31  Liberator x2  
  130  16:35  SCV  
  130  16:37  Marine  
  130  16:38  Marauder  
  134  16:42  Marine  
  134  16:43  Marauder  
  137  16:52  Marine  
  137  16:53  Marine, Marauder  
  141  16:55  Marine  
  141  16:59  Marauder  
Show
View Real Time Build Order
Export as new Build Order

Din Protoss 

Build Orders:  

Get SALT Encoding   

  8  0:00  Probe  
  9  0:12  Probe  
  10  0:24  Probe (Chrono Boost)  
  11  0:28  Pylon  
  11  0:36  Probe (Chrono Boost)  
  12  0:45  Probe (Chrono Boost)  
  13  0:51  Probe  
  13  0:56  Gateway  
  14  1:03  Probe (Chrono Boost)  
  15  1:07  Assimilator  
  15  1:15  Probe (Chrono Boost)  
  16  1:20  Probe (Chrono Boost)  
  17  1:29  Probe  
  18  1:41  Probe  
  19  1:47  Cybernetics Core  
  19  1:53  Probe  
  20  1:59  Pylon  
  20  2:06  Probe  
  20  2:07  Assimilator  
  21  2:20  Probe  
  21  2:22  Stalker (Chrono Boost)  
  22  2:24  Warp Gate  
  24  2:33  Pylon  
  24  2:35  Probe  
  25  2:41  Stalker  
  27  2:47  Probe  
  27  3:03  Probe  
  28  3:11  Robotics Facility  
  28  3:19  Stalker  
  30  3:20  Probe  
  30  3:22  Pylon  
  31  3:38  Gateway x2  
  31  3:51  Probe  
  31  4:01  Immortal (Chrono Boost)  
  31  4:06  Sentry  
  37  4:22  Pylon  
  37  4:30  Warp Prism (Chrono Boost)  
  39  4:32  Sentry  
  39  4:33  Sentry, Adept  
  45  4:57  Nexus  
  45  5:02  Pylon  
  45  5:12  Observer  
  46  5:34  Immortal (Chrono Boost)  
  43  5:35  Probe  
  43  5:41  Robotics Bay  
  47  5:47  Probe  
  47  5:49  Adept  
  50  5:50  Adept  
  52  6:03  Adept  
  52  6:28  Colossus (Chrono Boost)  
  56  6:35  Probe (Chrono Boost)  
  58  6:41  Probe (Chrono Boost)  
  58  6:48  Probe (Chrono Boost)  
  58  6:50  Probe  
  58  6:54  Assimilator  
  60  6:56  Assimilator  
  60  7:00  Probe  
  61  7:02  Probe  
  62  7:11  Colossus (Chrono Boost)  
  62  7:13  Probe  
  62  7:14  Probe  
  70  7:28  Pylon x2  
  70  7:29  Probe x2  
  72  7:33  Stalker  
  74  7:45  Extended Thermal Lance (Chrono Boost)  
  74  7:49  Forge  
  74  7:50  Forge  
  74  7:55  Colossus (Chrono Boost)  
  74  7:56  Probe  
  74  7:58  Probe  
  82  8:08  Probe  
  82  8:10  Probe  
  84  8:16  Pylon  
  84  8:20  Probe  
  84  8:22  Probe  
  84  8:23  Pylon, Sentry x2  
  90  8:27  Protoss Ground Weapons Level 1 (Chrono Boost), Protoss Ground Armor Level 1 (Chrono Boost)  
  90  8:37  Probe x2  
  92  8:53  Stalker x3  
  98  8:57  Immortal  
  100  9:19  Sentry x3  
  100  9:23  Nexus  
  106  9:27  Pylon  
  106  9:30  Pylon  
  106  9:45  Probe x2  
  108  9:53  Sentry  
  108  9:54  Stalker x2  
  108  9:57  Disruptor  
  118  10:07  Gravitic Boosters  
  118  10:08  Probe x2  
  120  10:16  Stalker  
  122  10:24  Pylon  
  122  10:28  Photon Cannon  
  122  10:29  Shield Battery  
  122  10:30  Probe  
  122  10:31  Probe  
  122  10:34  Colossus  
  125  10:39  Stalker  
  128  10:42  Probe  
  128  10:43  Probe x2  
  130  10:53  Sentry, Stalker  
  130  10:54  Probe  
  135  11:03  Gateway  
  135  11:06  Gateway  
  135  11:07  Pylon  
  135  11:09  Pylon x2  
  133  11:17  Gateway  
  133  11:18  Twilight Council  
  133  11:21  Pylon  
  133  11:25  Stalker x3  
  89  12:07  Pylon  
  85  12:11  Pylon x2  
  85  12:14  Pylon  
  71  12:25  Probe x3  
  71  12:28  Protoss Ground Weapons Level 2 (Chrono Boost), Protoss Ground Armor Level 2 (Chrono Boost), Pylon  
  74  12:33  Blink  
  74  12:37  Probe x3  
  71  13:03  Robotics Facility  
  71  13:04  Probe x3  
  74  13:15  Sentry x2, Stalker x2  
  74  13:17  Probe (Chrono Boost)  
  74  13:18  Probe (Chrono Boost)  
  74  13:19  Probe (Chrono Boost)  
  85  13:24  Assimilator  
  85  13:25  Assimilator  
  87  13:27  Pylon  
  87  13:28  Probe x2 (Chrono Boost)  
  87  13:29  Probe (Chrono Boost)  
  88  13:35  Probe x2  
  88  13:37  Probe  
  89  13:50  Probe x3  
  89  13:55  Pylon  
  92  14:14  Photon Cannon  
  92  14:15  Disruptor (Chrono Boost)  
  92  14:18  Photon Cannon  
  92  14:22  Stalker x4  
  92  14:23  Stalker x2  
  108  14:34  Charge  
  87  14:46  Nexus  
  51  15:00  Stalker x2  
  51  15:01  Stalker x3  
  51  15:06  Stalker  
  61  15:15  Disruptor (Chrono Boost)  
  65  15:35  Stalker x3  
  71  15:43  Stalker  
  71  16:02  Probe x3  
  74  16:07  Disruptor (Chrono Boost)  
  78  16:18  Probe x3  
  81  16:19  Assimilator  
  81  16:23  Stalker x2  
  81  16:24  Assimilator  
Tags
 
Add a new tag
Caveats
  • Supply blocks, unpowered buildings, or Contaminate may cause inaccurate times.
  • Supply counts are checked every 10 seconds.